 Dungeon Crawl Stone Soup version 0.31-a0-344-gd109795599 (webtiles) character file.

Game seed: 3581139333483279672

112 LeprechaunX the Ruffian (level 4, -4/43 HPs)
             Began as an Octopode Shapeshifter on July 22, 2023.
             Slain by a mummy (12 damage)
             ... in an ossuary.
             The game lasted 00:03:12 (2267 turns).

LeprechaunX the Ruffian (Octopode Shapeshifter)     Turns: 2267, Time: 00:03:12

Health: -4/43      AC: 22    Str: 16    XL:     4   Next: 95%
Magic:  4/4        EV:  2    Int: 10    God:
Gold:   197        SH:  5    Dex: 12    Spells: 3/3 levels left

rFire   . .          .
                       - Unarmed
rCold   . . .        (no shield)
rNeg    . . .        (helmet currently unavailable)
rPois   +            q - amulet of reflection
rElec   .            l - ring of willpower
rCorr   .            (no ring)
SInv    .            (no ring)
Will    +....        (no ring)
Stlth   +            (no ring)
HPRegen 0.27/turn    (no ring)
MPRegen 0.09/turn    (no ring)
                     (no ring)

%: reflection
@: tree-form
A: stationary, stasis, torment immunity, boosted hp, almost no armour,
(amphibious), 8 rings, (camouflage 1), (gelatinous body 1), (nimble swimmer 1),
(tentacles)
a: no special abilities


You were in an ossuary.
You were a tree.
You visited 1 branch of the dungeon, and saw 4 of its levels.
You also visited: Ossuary.

You collected 197 gold pieces.

Inventory:

Jewellery
 l - a ring of willpower (left branch)
 q - an amulet of reflection (around neck)
Talismans
 b - a beast talisman
Wands
 t - a wand of flame (14)
Scrolls
 e - a scroll of brand weapon {unknown}
 f - a scroll of amnesia {unknown}
 h - 2 scrolls of acquirement {unknown}
 i - 4 scrolls of identify {unknown}
 j - a scroll of enchant weapon {unknown}
 m - a scroll of enchant armour {unknown}
 p - 2 scrolls of poison {unknown}
 r - a scroll of blinking {unknown}
 v - 2 scrolls of teleportation {unknown}
 w - a scroll of butterflies {unknown}
Potions
 a - 2 potions of lignification
 c - a potion of enlightenment {unknown}
 d - 2 potions of brilliance {unknown}
 g - a potion of invisibility {unknown}
 k - a potion of attraction {unknown}
 n - a potion of degeneration {unknown}
 o - a potion of magic {unknown}
 s - a potion of curing {unknown}
 u - a potion of heal wounds {unknown}


   Skills:
 + Level 2.1 Fighting
 + Level 2.8 Dodging
 * Level 4.1 Unarmed Combat
 + Level 3.4 Shapeshifting


You had 3 spell levels left.
You didn't know any spells.
Your spell library contained the following spells:

 Spells                   Type           Power      Damage    Failure   Level
 Freeze                   Ice            0%         1d3       36%         1
 Magic Dart               Conj           0%         1d3       36%         1
 Call Imp                 Summ           0%         N/A       50%         2
 Static Discharge         Conj/Air       0%         2-2/arc   50%         2
 Frozen Ramparts          Ice            0%         1d1       75%         3
 Hailstorm                Conj/Ice       0%         3d3       75%         3
 Mephitic Cloud           Conj/Pois/Air  0%         N/A       75%         3
 Airstrike                Air            0%         2d(0-16)  98%         4
 Summon Lightning Spire   Summ/Air       0%         N/A       98%         4


Dungeon Overview and Level Annotations

Branches:
Dungeon (4/15)            Ossuary (1/1)
 Temple: D:4-7

Altars:
Makhleb

Shops:
D:1 [   D:2 ?


Innate Abilities, Weirdness & Mutations

You are a tree.
Your roots penetrate the ground, keeping you stationary.
You cannot be teleported.
You are immune to unholy pain and torment.
Your maximum health is greatly increased.
You cannot wear most types of armour.
((You are amphibious.))
You can wear up to eight rings at the same time.
((Your skin changes colour to match your surroundings (Stealth+).))
((Your rubbery body absorbs attacks. (AC +1, EV +1)))
((You are camouflaged when in or above water. (Stealth+)))
((You have tentacles for arms and can constrict up to eight enemies at once.))


Message History

You tentacle-slap the worm zombie.
The worm zombie is moderately damaged.
You constrict the worm zombie. You bludgeon the worm zombie!
The worm zombie is heavily damaged.
You constrict the worm zombie. You bludgeon the worm zombie!
You squeeze the worm zombie.
The worm zombie is almost destroyed.
You constrict the worm zombie. The worm zombie bites you.
You bludgeon the worm zombie!
You destroy the worm zombie!
No target in view!
No target in view!
There is a sand-covered staircase here.
The world spins around you as you enter the gateway.
You enter an ossuary!
Found a gate leading back out of this place.
There is an empty arch of ancient stone here.
The mummy hits you!
Ouch! That really hurt!
The mummy hits you.
* * * LOW HITPOINT WARNING * * *
You are too injured to fight recklessly!
You are too injured to fight recklessly!
You are too injured to fight recklessly!
Really quaff the potion of lignification?
Your transformation has ended.
You turn into a tree.
Your roots penetrate the ground.
You are too injured to fight recklessly!
You barely miss the mummy. The mummy hits you but does no damage.
You barely miss the mummy.
The mummy hits you but does no damage. x2
You smack the mummy!
The mummy is heavily damaged.
The mummy hits you but does no damage.
You barely miss the mummy.
The mummy is heavily damaged.
The mummy hits you.
* * * LOW HITPOINT WARNING * * *
The mummy hits you!
You die...

#######
#M#M#.#
#.♣M..#
##...##
#.∩.#
#...#
#.∩.#
#...#
##+##


You could see 3 mummies.

Vanquished Creatures
  4 adders
  An ufetubus (D:4)
  A worm zombie (D:4)
  4 dart slugs
  6 ball pythons
  2 bats (D:1)
  4 endoplasms (D:1)
  3 giant cockroaches
  11 goblins
  A hobgoblin (D:3)
  2 jackals (D:1)
  5 kobolds
  2 quokkas
  3 frilled lizards
  A kobold zombie (D:4)
  5 rats
55 creatures vanquished.

Notes
Turn   | Place    | Note
-------+----------+-------------------------------------------
     0 | D:1      | LeprechaunX the Octopode Shapeshifter began the quest for
                  | the Orb.
     0 | D:1      | Reached XP level 1. HP: 13/13 MP: 1/1
   116 | D:1      | Reached XP level 2. HP: 17/18 MP: 2/2
   345 | D:1      | Found Buini's Armour Shoppe.
   358 | D:1      | Reached XP level 3. HP: 23/23 MP: 3/3
   694 | D:2      | Found a burning altar of Makhleb.
   796 | D:2      | Found Syrim's Magic Scroll Emporium.
   924 | D:2      | Reached XP level 4. HP: 20/29 MP: 4/4
  1951 | D:4      | Reached skill level 4 in Unarmed Combat
  2246 | D:4      | Found a sand-covered staircase.
  2260 | Ossuary  | Entered an ossuary
  2267 | Ossuary  | Slain by a mummy

Illustrated notes

Levels and vault maps discovered:
D:1:      spicycebolla_arrival_clurvy, layout_loops_ring, serial_shops,
          nicolae_diamond_shop
D:2:      layout_rooms, basic_altar, serial_shops, shop, minmay_misc_feat_chi
D:3:      layout_loops_corners
D:4:      layout_cave_pods, enter_ossuary_3, wad_orctagon
Ossuary:  ossuary_minmay_chase

Skill      XL: |  1  2  3  4 |
---------------+-------------+-----
Fighting       | 2 |  2.1
Unarmed Combat | 4 |  4.1
Dodging        | |  2.8
Shapeshifting  | |  3.4

Action                     |  1- 3 |  4- 6 || total
---------------------------+-------+-------++-------
  Melee: Unarmed           |    55 |    43 ||    98
         Constrict         |    13 |    10 ||    23
         Tentacles         |    10 |     4 ||    14
         Punch             |       |     1 ||     1
    Use: Potion            |       |     1 ||     1
   Stab: Sleeping          |     6 |     1 ||     7
 Armour: Skin              |     3 |     8 ||    11
  Dodge: Dodged            |    37 |    18 ||    55
  Block: Other             |       |     8 ||     8
         Reflection        |       |     1 ||     1

Table legend: (Time is in decaauts)
 A = Elapsed time spent in this place.
 B = Non-inter-level travel time spent in this place.
 C = Inter-level travel time spent in this place.
 D = Time resting spent in this place.
 E = Time spent auto-exploring this place.
 F = Levels seen in this place.
 G = Mean time per level.
                   A        B        C        D        E       F      G
               +--------+--------+--------+--------+--------+-----+--------+
         Total |   2259 |   2055 |    204 |      0 |   1684 |   5 |  451.8 |
       Dungeon |   2252 |   2048 |    204 |      0 |   1684 |   4 |  563.0 |
       Ossuary |      6 |      6 |      0 |      0 |      0 |   1 |    6.0 |
               +--------+--------+--------+--------+--------+-----+--------+

Top non-repeatable levels by time:
     D:3: 737 daAuts
     D:1: 691 daAuts
     D:2: 506 daAuts
     D:4: 317 daAuts
 Ossuary: 6 daAuts
